 Dungeon Crawl Stone Soup version 0.21.1-1-g345015fe64 (webtiles) character file.

52 Mrkan the Skirmisher (level 3, 0/33 HPs)
             Began as a Draconian Fighter on May 6, 2018.
             Slain by a kobold
             ... wielding a +0 club
              (5 damage)
             ... on level 3 of the Dungeon.
             The game lasted 00:02:18 (1256 turns).

Mrkan the Skirmisher (Draconian Fighter)            Turns: 1256, Time: 00:02:18

Health: 0/33       AC:  5    Str: 19    XL:     3   Next: 60%
Magic:  3/3        EV: 10    Int:  8    God:
Gold:   176        SH:  9    Dex: 10    Spells: 2/2 levels left

rFire    . . .     SeeInvis .   a - +0 trident
rCold    . . .     Gourm    .   b - +0 shield
rNeg     . . .     Faith    .   (armour unavailable)
rPois    .         Spirit   .   (helmet restricted)
rElec    .         Reflect  .   (no cloak)
rCorr    .         Harm     .   (no gloves)
MR       .....                  (no boots)
Stlth    +.........             (no amulet)
HPRegen  0.11/turn              (no ring)
MPRegen  0.08/turn              (no ring)

@: no status effects
A: unfitting armour, cold-blooded, AC +5
a: no special abilities


You were on level 3 of the Dungeon.
You were not hungry.

You visited 1 branch of the dungeon, and saw 3 of its levels.

You collected 176 gold pieces.

Inventory:

Hand Weapons
 a - a +0 trident (weapon)
Armour
 b - a +0 shield (worn)
Jewellery
 h - a +3 amulet of reflection {unknown}
 o - a cursed -3 ring of protection {unknown}
 p - an uncursed ring of ice {unknown}
Scrolls
 e - a scroll of noise {unknown}
 f - a scroll of teleportation {unknown}
 l - a scroll of identify {unknown}
 m - a scroll of remove curse {unknown}
 n - 2 scrolls of magic mapping {unknown}
Potions
 c - a potion of might
 g - a potion of resistance {unknown}
 i - a potion of heal wounds {unknown}
 j - 2 potions of lignification {unknown}
Comestibles
 d - a ration
 k - 3 chunks of flesh


   Skills:
 + Level 4.3 Fighting
 + Level 3.1 Polearms
 - Level 2.6 Dodging
 - Level 3.0 Shields


You had 2 spell levels left.
You didn't know any spells.

Dungeon Overview and Level Annotations

Branches:
Dungeon (3/15)

Altars:

Annotations:
D:3 Tegun's ghost, amateur OgSk


Innate Abilities, Weirdness & Mutations

Your plain brown scales are hard. (AC +5)
You cannot fit into any form of body armour.
You are cold-blooded and may be slowed by cold attacks.


Message History

The slug dart hits you!
You completely miss something. You tail-slap something. Something hits you.
Something hits you but does no damage.
You barely miss something. Something hits you but does no damage.
You barely miss something.
Something hits you but does no damage. x2
Tegun's ghost (amateur Ogre Skald) comes into view.
Tegun's ghost turns its malevolent gaze towards you.
You hit something. You tail-slap something.
Something hits you but does no damage.
You hit something.
You hear some strange, mumbled words.
A puff of flame appears from out of thin air!
The puff of flame hits you!
* * * LOW HITPOINT WARNING * * *
You closely miss something. The kobold barely misses you.
You block something's attack.
Tegun's ghost mumbles some strange words.
Space distorts along a thin shroud covering Tegun's ghost's form.
The kobold hits you with a club.
You die...

#.# # #w#.# #.#.#
#.####..# ###
#.....K###..
#.###.†.#o#
#......#o# #####..#{#
#..#@####
#.WK....#############
##.#.#..##...........
...#.#.###.....<...#
#####.#.###.........#
#...............##
###.###...........
#.# #.....÷...## #.#
#.........#


You could see Tegun's ghost, 2 orcs and a kobold.

Vanquished Creatures
  An adder (D:2)
  A worm (D:2)
  3 dart slugs
  An orc (D:3)
  3 giant cockroaches
  4 goblins
  4 hobgoblins
  3 kobolds
  2 quokkas
  4 bats
  2 frilled lizards
  3 rats
31 creatures vanquished.

Notes
Turn   | Place    | Note
-------+----------+-------------------------------------------
     0 | D:1      | Mrkan the Draconian Fighter began the quest for the Orb.
     0 | D:1      | Reached XP level 1. HP: 19/19 MP: 1/1
     6 | D:1      | Noticed a swamp worm
     6 | D:1      | Noticed a salamander
     6 | D:1      | Noticed a five-headed hydra
     7 | D:1      | Noticed a polar bear
    93 | D:1      | Reached XP level 2. HP: 24/26 MP: 2/2
   635 | D:2      | Reached skill level 4 in Fighting
   635 | D:2      | Reached XP level 3. HP: 21/33 MP: 3/3
  1254 | D:3      | Noticed Tegun's ghost (amateur OgSk)
  1256 | D:3      | Slain by a kobold

Skill      XL: |  1  2  3 |
---------------+----------+-----
Fighting       | 4 |  4.3
Polearms       | 3 |  3.1
Dodging        | |  2.6
Shields        | |  3.0

Action                   || total
-------------------------++-------
Melee: Trident           ||    91
       Tailslap          ||    10
  Eat: Chunk             ||     1
Armor: Skin              ||    37
Dodge: Dodged            ||    39
Block: Shield            ||    53
